 Dungeon Crawl Stone Soup version 0.29-a0-101-g0f647bec9a (webtiles) character file.

Game seed: 10720979779399394474

1551 Bapho the Destroyer (level 8, -4/44 HPs)
             Began as a Deep Elf Hedge Wizard on Feb 10, 2022.
             Slain by an orc (7 damage)
             ... on level 7 of the Dungeon on Feb 15, 2022.
             The game lasted 00:14:28 (8887 turns).

Bapho the Destroyer (Deep Elf Hedge Wizard)         Turns: 8887, Time: 00:14:29

Health: -4/44      AC:  4    Str:  7    XL:     8   Next: 57%
Magic:  16/16      EV: 14    Int: 22    God:
Gold:   103        SH:  0    Dex: 20    Spells: 7/15 levels left

rFire   . . .      SeeInvis .   f - +2 short sword (elec)
rCold   . . .      Faith    .   (no shield)
rNeg    . . .      Spirit   .   b - +0 robe
rPois   .          Reflect  .   l - +0 helmet
rElec   .          Harm     .   (no cloak)
rCorr   .          Rampage  .   h - +0 pair of gloves
Will    .....                   (no boots)
Stlth   +.........              (no amulet)
HPRegen 0.14/turn               j - +6 ring of dexterity
MPRegen 0.15/turn               (no ring)

@: confused, mighty, ambrosia-drunk
A: no striking features
a: no special abilities


You were on level 7 of the Dungeon.
You visited 1 branch of the dungeon, and saw 7 of its levels.

You collected 247 gold pieces.
You spent 144 gold pieces at shops.

Inventory:

Hand Weapons
 a - a +0 dagger
 f - a +2 short sword of electrocution (weapon)
Missiles
 p - 2 throwing nets
Armour
 b - a +0 robe (worn)
 c - a +0 hat
 h - a +0 pair of gloves (worn)
 l - a +0 helmet (worn)
Jewellery
 j - a +6 ring of dexterity (left hand)
Scrolls
 d - 3 scrolls of teleportation
 i - 2 scrolls of amnesia
 n - a scroll of fog
 q - 2 scrolls of identify
 s - a scroll of magic mapping {unknown}
Potions
 e - a potion of resistance
 g - 3 potions of curing
 k - a potion of might
 m - a potion of ambrosia
 o - a potion of attraction {unknown}
 r - 3 potions of flight
 t - a potion of magic {unknown}
 u - a potion of mutation {unknown}


   Skills:
 + Level 2.1 Fighting
 - Level 1.4 Short Blades
 + Level 2.0 Armour
 + Level 4.0 Dodging
 - Level 2.4 Stealth
 - Level 4.4 Spellcasting
 - Level 10.4 Conjurations
 - Level 1.1 Summonings
 - Level 1.1 Translocations


You had 7 spell levels left.
You knew the following spells:

 Your Spells              Type           Power      Damage    Failure   Level
a - Magic Dart            Conj           100%       1d8       1%          1
b - Blink                 Tloc           18%        N/A       11%         2
c - Call Imp              Summ           9%         N/A       11%         2
d - Mephitic Cloud        Conj/Pois/Air  20%        N/A       8%          3

Your spell library contained the following spells:

 Spells                   Type           Power      Damage    Failure   Level
 Conjure Flame            Conj/Fire      27%        6-21      3%          3
 Slow                     Hex            16%        N/A       11%         1
 Gell's Gravitas          Tloc           9%         N/A       21%         3
 Lesser Beckoning         Tloc           9%         N/A       21%         3
 Teleport Other           Tloc           9%         N/A       21%         3
 Confusing Touch          Hex            4%         N/A       32%         3
 Vampiric Draining        Necr           4%         2d6       32%         3


Dungeon Overview and Level Annotations

Branches:
Dungeon (7/15)
 Temple: D:4-7

Altars:
Makhleb
Sif Muna
The Shining One

Shops:
D:5 !!(([*

Annotations:
D:5 3 runed translucent doors, Zigma's ghost, novice OpTm; kelmiir's ghost, amateur DEAE; kelmiir's ghost, novice DEEE; raistware's ghost, amateur HuEE


Message History

The orc misses you.
The centaur unwields a +0 shortbow.
The centaur barely misses you. The centaur kicks you.
You climb downwards.
There is a stone staircase leading up here.
You barely miss the centaur. The centaur barely misses you.
The centaur kicks you but does no damage.
The orc closely misses you. The centaur closely misses you.
The centaur misses you.
You hit the centaur but do no damage. The orc misses you. The centaur hits you.
The centaur closely misses you.
You hit the centaur.
The centaur is lightly wounded.
The centaur hits you. The centaur kicks you.
* * * LOW HITPOINT WARNING * * *
The orc hits you with a +0 morningstar.
* * * LOW HITPOINT WARNING * * *
The centaur completely misses you. The centaur closely misses you.
You are confused.
You feel invigorated. The orc hits you with a +0 morningstar.
* * * LOW HITPOINT WARNING * * *
The centaur hits you.
* * * LOW HITPOINT WARNING * * *
The centaur closely misses you.
You feel very mighty all of a sudden. The centaur closely misses you.
The centaur misses you. The orc closely misses you.
The centaur hits you but does no damage.
The centaur kicks you.
* * * LOW HITPOINT WARNING * * *
You're too confused to move!
The orc hits you with a +0 morningstar.
* * * LOW HITPOINT WARNING * * *
The centaur hits you.
* * * LOW HITPOINT WARNING * * *
The centaur closely misses you.
You're too confused to move!
The centaur hits you but does no damage.
The centaur kicks you.
* * * LOW HITPOINT WARNING * * *
The orc hits you with a +0 morningstar!
You die...

##########
#..o@c...#
#.....$.....
#.)......###
######......
######


You could see a centaur and an orc.

Vanquished Creatures
  Grinder (D:5)
  2 ogres
  2 phantoms
  A bullfrog (D:6)
  A scorpion (D:3)
  2 water moccasin zombies (D:5)
  A bullfrog zombie (D:5)
  2 centaur zombies (D:5)
  7 hounds
  Natasha (thrice) (D:3)
  2 iguanas
  3 orc wizards
  2 hound skeletons
  Robin (D:2)
  5 adders
  A howler monkey skeleton (D:4)
  An ufetubus (D:4)
  An adder skeleton (D:4)
  2 worms
  6 dart slugs
  15 orcs
  7 ball pythons
  10 endoplasms
  4 giant cockroaches
  17 goblins
  13 hobgoblins
  6 jackals
  3 quokkas
  9 bats
  2 frilled lizards
  10 kobolds
  8 rats
150 creatures vanquished.

Vanquished Creatures (collateral kills)
  An orc priest (D:5)
  An adder (D:2)
  A hobgoblin (D:2)
  2 goblins (D:2)
5 creatures vanquished.

Vanquished Creatures (others)
  2 withered plants (D:5)
2 creatures vanquished.

Grand Total: 157 creatures vanquished

Notes
Turn   | Place    | Note
-------+----------+-------------------------------------------
     0 | D:1      | Bapho the Deep Elf Hedge Wizard began the quest for the
                  | Orb.
     0 | D:1      | Reached XP level 1. HP: 10/10 MP: 7/7
   324 | D:1      | Reached XP level 2. HP: 15/15 MP: 5/9
   327 | D:1      | Learned a level 2 spell: Blink
   330 | D:1      | Learned a level 2 spell: Call Imp
   396 | D:1      | Reached skill level 2 in Conjurations
   799 | D:1      | Reached skill level 1 in Short Blades
   981 | D:1      | Reached XP level 3. HP: 20/20 MP: 7/10
  1503 | D:2      | Reached skill level 3 in Conjurations
  1918 | D:2      | Learned a level 3 spell: Mephitic Cloud
  1918 | D:2      | Upgraded the game from 0.29-a0-92-gee772dd00f to
                  | 0.29-a0-101-g0f647bec9a
  2044 | D:2      | Reached XP level 4. HP: 21/24 MP: 4/12
  2230 | D:2      | Found a faded altar of an unknown god.
  2276 | D:2      | Found a glowing golden altar of the Shining One.
  2315 | D:2      | Noticed Robin
  2316 | D:2      | Reached skill level 4 in Conjurations
  2547 | D:2      | Killed Robin
  3511 | D:3      | Noticed Natasha
  3517 | D:3      | Killed Natasha
  3518 | D:3      | Reached skill level 5 in Conjurations
  3518 | D:3      | Reached XP level 5. HP: 22/28 MP: 6/13
  3690 | D:3      | Noticed Natasha
  3693 | D:3      | Killed Natasha
  4016 | D:3      | HP: 1/28 [iguana (5)]
  4554 | D:3      | Noticed Natasha
  4558 | D:3      | Killed Natasha
  4559 | D:3      | Reached skill level 6 in Conjurations
  4766 | D:4      | Found a burning altar of Makhleb.
  4780 | D:3      | HP: 1/28 [scorpion (6)]
  4856 | D:3      | Reached XP level 6. HP: 8/33 MP: 0/14
  5588 | D:4      | Reached skill level 7 in Conjurations
  6262 | D:4      | Reached XP level 7. HP: 37/37 MP: 8/15
  6369 | D:5      | Entered Level 5 of the Dungeon
  6378 | D:5      | Reached skill level 8 in Conjurations
  6452 | D:5      | Found Cyufaus's Distillery.
  6462 | D:5      | Found Jarourgh's Weapon Boutique.
  6462 | D:5      | Found Resydyuc's Distillery.
  6462 | D:5      | Found Keecidy's Antique Armour Shop.
  6462 | D:5      | Found Beushy Curu's Antique Weapon Shoppe.
  6462 | D:5      | Found Honwaugg's Assorted Antiques.
  6609 | D:5      | Bought a scroll of identify for 60 gold pieces
  6862 | D:5      | Reached skill level 9 in Conjurations
  6995 | D:5      | Found a shimmering blue altar of Sif Muna.
  7194 | D:5      | Noticed Grinder
  7203 | D:5      | Killed Grinder
  7204 | D:5      | Reached skill level 10 in Conjurations
  7204 | D:5      | Reached XP level 8. HP: 23/42 MP: 7/16
  7404 | D:5      | Found a runed translucent gate.
  7404 | D:5      | Found a runed translucent gate.
  7406 | D:5      | Noticed kelmiir's ghost (amateur DEAE)
  7407 | D:5      | Noticed kelmiir's ghost (novice DEEE)
  7408 | D:5      | Found a runed translucent gate.
  7408 | D:5      | Noticed Zigma's ghost (novice OpTm)
  7408 | D:5      | Noticed raistware's ghost (amateur HuEE)
  7618 | D:5      | Bought a potion of flight for 36 gold pieces
  7618 | D:5      | Bought a potion of might for 48 gold pieces
  7680 | D:5      | Reached skill level 1 in Fighting
  7900 | D:5      | Reached skill level 1 in Armour
  8886 | D:7      | HP: 1/44 [centaur (4)]
  8887 | D:7      | Slain by an orc

Illustrated notes

Levels and vault maps discovered:
D:1:      amcnicky_arrival_single_pillar, layout_loops_corners
D:2:      layout_rooms, basic_altar, basic_ecumenical_altar, minmay_3d_cube,
          uniq_robin
D:3:      layout_basic, uniq_natasha
D:4:      minmay_general_purpose_star, layout_basic, makhleb_heckhound_becter,
          columned_hall_lemuel, kennysheep_small_circle
D:5:      layout_loops_ring, mainiacjoe_overflow_catwalk,
          gammafunk_ghost_cemetery, nicolae_wooded_promenade, uniq_grinder
D:6:      layout_rooms, temple_hall
D:7:      layout_rooms, mainiacjoe_overflow_alcove_4, amcnicky_mini_pool_small

Skill      XL: |  1  2  3  4  5  6  7  8 |
---------------+-------------------------+-----
Conjurations   | 2 3 5 6 7 10 | 10.4
Short Blades   | 1 |  1.4
Fighting       | 2 |  2.1
Dodging        | 4 |  4.0
Armour         | 2 |  2.0
Stealth        | |  2.4
Spellcasting   | |  4.4
Summonings     | |  1.1
Translocations | |  1.1

Action                   |  1- 3 |  4- 6 |  7- 9 || total
-------------------------+-------+-------+-------++-------
Melee: Dagger            |     8 |       |       ||     8
       Short sword       |    31 |       |     9 ||    40
 Cast: Magic Dart        |    92 |   194 |   165 ||   451
       Call Imp          |     1 |     6 |     5 ||    12
       Blink             |       |     5 |     1 ||     6
       Mephitic Cloud    |       |       |     1 ||     1
  Use: Scroll            |       |     7 |     2 ||     9
       Potion            |       |     2 |     2 ||     4
Armor: Robe              |    16 |     5 |    22 ||    43
Dodge: Dodged            |    42 |    12 |    80 ||   134

Table legend: (Time is in decaauts)
 A = Elapsed time spent in this place.
 B = Non-inter-level travel time spent in this place.
 C = Inter-level travel time spent in this place.
 D = Time resting spent in this place.
 E = Time spent auto-exploring this place.
 F = Levels seen in this place.
 G = Mean time per level.
                   A        B        C        D        E       F      G
               +--------+--------+--------+--------+--------+-----+--------+
         Total |   8860 |   8668 |    192 |    660 |   6987 |   7 | 1265.7 |
       Dungeon |   8860 |   8668 |    192 |    660 |   6987 |   7 | 1265.7 |
               +--------+--------+--------+--------+--------+-----+--------+

Top non-repeatable levels by time:
     D:5: 2046 daAuts
     D:3: 1834 daAuts
     D:1: 1741 daAuts
     D:2: 1466 daAuts
     D:4: 1296 daAuts
     D:6: 286 daAuts
     D:7: 189 daAuts
